 Seeded DCSS version 0.30.1-9-gdf580d7c3d (webtiles) character file.

Game seed: 784279740803775113 (custom seed)

1911 CarvArkoylaein the Grappler (level 8, -1/81 HPs)
             Began as a Troll Fighter on Sept 29, 2023.
             Was an Initiate of Wu Jian.
             Slain by a killer bee (7 damage)
             ... on level 6 of the Dungeon.
             The game lasted 00:37:33 (5580 turns).

CarvArkoylaein the Grappler (Troll Fighter)         Turns: 5580, Time: 00:37:36

Health: -1/81      AC:  7    Str: 27    XL:     8   Next: 95%
Magic:  7/7        EV:  9    Int:  6    God:    Wu Jian [......]
Gold:   396        SH: 14    Dex:  9    Spells: 7/7 levels left

rFire   + .          .
                       - Unarmed
rCold   + + .        b - +0 kite shield
rNeg    . . .        x - +2 robe {Archmagi}
rPois   +            (helmet restricted)
rElec   +            g - +0 cloak
rCorr   +            (gloves unavailable)
SInv    .            (boots unavailable)
Will    .....        q - amulet of Moodiness {Reflect rC+ Str+2 SH+5}
Stlth   +            (no ring)
HPRegen 1.13/turn    (no ring)
MPRegen 0.10/turn

%: reflection, archmagi
@: resistant, hasted and slowed
A: large, unfitting armour, claws 3, regeneration 1, shaggy fur 1, tough skin 1
a: Renounce Religion


You were on level 6 of the Dungeon.
You worshipped Wu Jian.
Wu Jian was noncommittal.
You visited 2 branches of the dungeon, and saw 8 of its levels.
You also visited: Sewer.

You collected 773 gold pieces.
You spent 377 gold pieces at shops.

Inventory:

Hand Weapons
 B - a +0 demon blade
Missiles
 A - 3 throwing nets (quivered)
 C - 3 datura-tipped darts
Armour
 a - a +1 robe
 b - a +0 kite shield (worn)
 g - a +0 cloak (worn)
 x - a +2 robe of the Archmagi (worn)
Jewellery
 e - a ring of flight
 q - the amulet of Moodiness (around neck) {Reflect rC+ Str+2 SH+5}
   (You acquired it on level 3 of the Dungeon)

   [amulet of reflection]

   It reflects blocked missile attacks.
   Str:       It affects your strength (+2).
   rC:        It protects you from cold.
   SH:        It affects your SH (+5).
 y - an amulet of regeneration
Wands
 c - a wand of roots (2)
 r - a wand of polymorph (4)
Scrolls
 d - a scroll of noise {unknown}
 f - a scroll of enchant armour
 j - a scroll of blinking
 l - a scroll of torment
 n - a scroll of silence {unknown}
 t - 7 scrolls of teleportation
 v - a scroll of magic mapping {unknown}
 w - 3 scrolls of amnesia
Potions
 h - 2 potions of brilliance
 o - 2 potions of flight
 p - 2 potions of ambrosia
 s - a potion of lignification {unknown}
 u - 2 potions of attraction
 z - 2 potions of mutation {unknown}


   Skills:
 + Level 5.4 Fighting
 - Level 2.4 Dodging
 + Level 5.9 Shields
 * Level 8.5 Unarmed Combat


You had 7 spell levels left.
You didn't know any spells.
Your spell library contained the following spells:

 Spells                   Type           Power      Damage    Failure   Level
 Sandblast                Erth           0%         2d4       67%         1
 Passwall                 Tmut/Erth      0%         N/A       80%         2
 Stone Arrow              Conj/Erth      0%         3d7       95%         3


Dungeon Overview and Level Annotations

Branches:
Dungeon (7/15)             Temple (1/1) D:5           Sewer (visited)

Altars:
Ashenzari
Cheibriados
Dithmenos
Elyvilon
Fedhas
Gozag
Hepliaklqana
Kikubaaqudgha
Makhleb
Nemelex Xobeh
Okawaru
Qazlal
Ru
Sif Muna
Trog
Uskayaw
Vehumet
Wu Jian
Yredelemnul
The Shining One

Shops:
D:2 [

Annotations:
D:6 3 runed translucent doors, ShellytheWitch's ghost, novice MiHu


Innate Abilities, Weirdness & Mutations

You are too large for most types of armour.
You have claws for hands.
Your natural rate of healing is unusually fast.
You are covered in fur. (AC +1)
You have tough skin. (AC +1)


Message History

The roots release their grip on the killer bee.
The killer bee stings you but does no damage.
The killer bee stings you. You block the killer bee's attack.
The wraith hits you!
* * * LOW HITPOINT WARNING * * *
The killer bee stings you but does no damage.
The killer bee stings you.
* * * LOW HITPOINT WARNING * * *
The killer bee barely misses you.
Blink to where?
Press: ? - help, Q - select action, (/) - cycle Dir - move target, p - killer bee
As you read the scroll of blinking, it crumbles to dust.
You feel sick.
You feel as though your hastened speed will last longer.
You feel sick.
You feel sick.
You feel sick.
You feel sick. You block the killer bee's attack.
The killer bee attacks as you move away!
The killer bee stings you.
* * * LOW HITPOINT WARNING * * *
You feel sick.
You are no longer poisoned.
The killer bee closely misses you. The killer bee barely misses you.
The killer bee stings you.
* * * LOW HITPOINT WARNING * * *
You barely miss the killer bee.
The killer bee is severely wounded.
The killer bee stings you but does no damage.
You block the killer bee's attack. x2; The killer bee stings you.
* * * LOW HITPOINT WARNING * * *
The killer bee closely misses you.
The killer bee stings you but does no damage.
You miss the killer bee.
The killer bee is severely wounded.
The killer bee barely misses you. x2; The killer bee closely misses you.
The killer bee stings you.
* * * LOW HITPOINT WARNING * * *
You block the killer bee's attack. The killer bee stings you!
You die...

.##..............##
.)).##.....####<.#
..#.........###.##
.##รท<..#.##.)..####
.#.....####..#.#..##
........######.....#
........##.#.##...##
....##.#...........#
....######.....y@.##
..<....##......yy##
..................###
....................##
............W..#.....###
...........!....##.....##
.....>..................#
.......................##
...............##..##.####


You could see a wraith and 3 killer bees.

Vanquished Creatures
  A water moccasin (D:5)
  A black bear (D:6)
  2 ice beasts
  3 ogres
  3 phantoms
  A kobold brigand (Sewer)
  A gnoll sergeant (D:6)
  4 scorpions
  A howler monkey (D:6)
  An orc priest (D:4)
  Ijyb (D:3)
  3 iguanas
  6 orc wizards
  Robin (D:3)
  13 adders
  10 gnolls
  A river rat (Sewer)
  An ufetubus (D:5)
  3 worms
  A dart slug (D:1)
  8 orcs
  12 endoplasms
  5 giant cockroaches
  19 goblins
  9 hobgoblins
  7 jackals
  8 quokkas
  11 ball pythons
  3 bats
  3 frilled lizards
  13 kobolds
  6 rats
162 creatures vanquished.

Notes
Turn   | Place    | Note
-------+----------+-------------------------------------------
     0 | D:1      | CarvArkoylaein the Troll Fighter began the quest for the
                  | Orb.
     0 | D:1      | Reached XP level 1. HP: 22/22 MP: 0/0
   129 | D:1      | Reached XP level 2. HP: 29/29 MP: 1/1
   463 | D:1      | Reached XP level 3. HP: 35/36 MP: 2/2
   666 | D:2      | Reached skill level 3 in Unarmed Combat
   778 | D:2      | Found Pokeelur's Armour Boutique.
   833 | D:2      | Found a glowing golden altar of the Shining One.
   848 | D:2      | Reached XP level 4. HP: 44/44 MP: 3/3
  1577 | D:3      | Noticed Robin
  1610 | D:3      | Killed Robin
  1624 | D:3      | Noticed Ijyb
  1631 | D:3      | Killed Ijyb
  1632 | D:3      | Reached skill level 4 in Unarmed Combat
  1632 | D:3      | Reached XP level 5. HP: 52/53 MP: 4/4
  1668 | D:3      | Found a glowing drain.
  1690 | Sewer    | Entered a sewer
  1877 | Sewer    | Reached XP level 6. HP: 61/61 MP: 5/5
  2170 | D:3      | Found a radiant altar of Vehumet.
  2526 | D:3      | Identified 2 scrolls of acquirement
  2526 | D:3      | Acquired the amulet of Moodiness {Reflect rC+ Str+2 SH+5}
  2527 | D:3      | Acquired 517 gold pieces
  2617 | D:2      | Bought a +2 robe of the Archmagi for 377 gold pieces
  2813 | D:4      | Reached skill level 5 in Unarmed Combat
  2982 | D:4      | Reached XP level 7. HP: 68/68 MP: 6/6
  3232 | D:4      | Found a bloodstained altar of Trog.
  3344 | D:4      | Reached skill level 6 in Unarmed Combat
  3751 | D:5      | Entered Level 5 of the Dungeon
  3801 | D:5      | Found a staircase to the Ecumenical Temple.
  3867 | Temple   | Entered the Ecumenical Temple
  3881 | Temple   | Became a worshipper of the Wu Jian Council
  3946 | D:5      | Reached XP level 8. HP: 79/79 MP: 7/7
  4016 | D:5      | Reached skill level 5 in Shields
  4016 | D:5      | Reached skill level 7 in Unarmed Combat
  4318 | D:5      | Found a sacrificial altar of Ru.
  4318 | D:5      | Found an iron altar of Okawaru.
  4479 | D:5      | Found a hide-covered altar of Uskayaw.
  4880 | D:6      | Reached skill level 5 in Fighting
  4934 | D:6      | Reached skill level 8 in Unarmed Combat
  4964 | D:6      | Found a blossoming altar of Fedhas.
  4964 | D:6      | Found an ancient bone altar of Kikubaaqudgha.
  5182 | D:6      | Found a runed translucent gate.
  5182 | D:6      | Found a runed translucent gate.
  5182 | D:6      | Found a runed translucent gate.
  5186 | D:6      | Noticed ShellytheWitch's ghost (novice MiHu)
  5580 | D:6      | Slain by a killer bee

Illustrated notes

Levels and vault maps discovered:
D:1:      psy_arrival_conway, layout_basic, hangedman_decor_points, st_stairs_6
D:2:      layout_basic, basic_altar, serial_shops, shop
D:3:      layout_basic, nicolae_vehumet_radiance, cheibrodos_sewer_entry_drain,
          uniq_robin, uniq_ijyb
D:4:      nicolae_BIG_FREAKIN_CUBE, layout_basic, trog_antimagical,
          serial_aquarium, aquarium_bridge_long_joined
          [aquarium_subvault_bridge, aquarium_subvault_window,
          aquarium_subvault_window, aquarium_subvault_bridge,
          aquarium_subvault_bridge, aquarium_subvault_wall], aquarium_window_1,
          aquarium_window_1, aquarium_view_2b, aquarium_pool_1
D:5:      layout_basic, mainiacjoe_overflow_alcove_4,
          gammafunk_temple_overflow_elements, minmay_temple_entry_slanted
D:6:      layout_cave_pools, grunt_temple_overflow_growth_and_decay,
          ebering_ghost_rock_garden, kennysheep_boxes
D:7:      layout_gridville, grunt_ministairs_13
Temple:   dshaligram_water_room_temple

Skill      XL: |  1  2  3  4  5  6  7  8 |
---------------+-------------------------+-----
Shields        | 3 4 5 |  5.9
Unarmed Combat | 3 4 5 6 8 |  8.5
Fighting       | 3 4 5 |  5.4
Dodging        | |  2.4

Action                     |  1- 3 |  4- 6 |  7- 9 || total
---------------------------+-------+-------+-------++-------
  Melee: Unarmed           |   117 |   212 |   176 ||   505
Ability: Lunge             |       |       |     5 ||     5
  Evoke: Wand              |       |       |     9 ||     9
    Use: Scroll            |     1 |     8 |    11 ||    20
         Potion            |       |     1 |     6 ||     7
   Stab: Sleeping          |       |     1 |       ||     1
 Armour: Robe              |    32 |    67 |    73 ||   172
  Dodge: Dodged            |    41 |    47 |    86 ||   174
  Block: Kite shield       |    37 |    95 |   143 ||   275
         Reflection        |       |     2 |       ||     2
